Map: [ESL] Berlingrad

Players

Bunny

  • Race: Terran Terran

Rogue - Winner!

  • Race: Zerg Zerg

Event: IEM Katowice 2022

VOD

Have the link to the VOD?

Description

Time

  • Played on: Feb. 26, 2022, 5:21 p.m.
  • Length: 6:50

All games in this series

Show
View Real Time Build Order
Export as new Build Order

Bunny Terran 

Build Orders: Command Center First (CC) 

Get SALT Encoding   

  12  0:00  SCV  
  13  0:12  SCV  
  14  0:17  Supply Depot  
  14  0:24  SCV  
  15  0:39  SCV  
  16  0:51  SCV  
  17  0:57  Command Center  
  17  1:03  SCV  
  18  1:12  Barracks  
  18  1:15  SCV  
  19  1:19  Refinery  
  19  1:27  SCV  
  19  1:28  Refinery  
  20  1:39  SCV  
  21  1:51  SCV  
  22  1:59  Marine  
  23  2:03  Orbital Command  
  23  2:07  Factory  
  23  2:11  Orbital Command  
  23  2:18  Barracks Reactor  
  23  2:21  Supply Depot  
  23  2:24  Marine  
  24  2:30  SCV  
  24  2:36  Supply Depot  
  25  2:42  Marine  
  25  2:43  SCV  
  27  2:48  SCV  
  27  2:51  Hellion  
  30  3:00  Starport  
  30  3:02  Barracks Reactor  
  30  3:03  SCV  
  31  3:05  SCV  
  31  3:12  Hellion  
  34  3:15  SCV  
  34  3:18  SCV  
  36  3:23  Marine  
  37  3:34  Hellion  
  38  3:39  Viking  
  38  3:41  Marine  
  35  3:48  SCV  
  35  3:49  SCV  
  36  3:59  Marine  
  36  4:01  Hellion  
  36  4:11  SCV  
  36  4:12  SCV  
  36  4:23  SCV  
  37  4:24  SCV  
  37  4:26  Factory Reactor, Barracks Tech Lab  
  37  4:27  Liberator  
  41  4:35  SCV  
  41  4:36  SCV  
  43  4:38  Supply Depot  
  43  4:44  Marine, Stimpack  
  44  4:47  SCV  
  44  4:48  SCV  
  46  5:00  SCV  
  46  5:01  SCV  
  46  5:02  Supply Depot, Marine  
  49  5:10  Barracks, Factory Tech Lab  
  49  5:12  Starport Reactor  
  49  5:13  Barracks  
  49  5:14  SCV x2  
  49  5:16  Refinery, Engineering Bay  
  51  5:25  Marine  
  52  5:29  Barracks, Siege Tank  
  52  5:30  Barracks  
  53  5:43  Marauder  
  53  5:45  Supply Depot  
  55  5:58  Starport Reactor  
  55  6:10  Supply Depot  
  55  6:11  Supply Depot  
  55  6:20  Barracks Reactor, Barracks Tech Lab  
  55  6:22  Supply Depot  
  55  6:24  Marine x3  
  55  6:25  SCV  
  54  6:26  Marine x2  
Show
View Real Time Build Order
Export as new Build Order

Rogue Zerg - Winner!

Build Orders: Pool First 

Get SALT Encoding   

  12  0:00  Drone  
  13  0:11  Overlord  
  13  0:16  Drone  
  14  0:30  Drone x2  
  16  0:41  Spawning Pool  
  15  0:43  Drone  
  15  0:46  Drone  
  17  0:55  Drone  
  18  1:10  Hatchery  
  17  1:15  Extractor  
  16  1:27  Zergling x2  
  16  1:28  Zergling x4  
  16  1:32  Roach Warren  
  18  1:41  Queen  
  20  1:50  Drone  
  21  1:55  Overlord  
  21  2:20  Roach x2  
  21  2:21  Roach  
  27  2:23  Roach  
  29  2:32  Roach  
  29  2:34  Roach  
  32  2:42  Overlord  
  32  2:47  Drone  
  33  2:52  Drone x2  
  35  3:03  Drone  
  35  3:04  Drone, Ravager  
  38  3:07  Drone x2  
  40  3:13  Overlord  
  40  3:18  Drone  
  41  3:23  Drone x2  
  43  3:31  Drone  
  42  3:37  Drone  
  42  3:38  Drone  
  42  3:40  Drone  
  40  3:43  Drone x2  
  40  3:47  Queen, Ravager  
  41  3:53  Drone x2  
  43  3:58  Ravager  
  43  4:01  Drone x2  
  47  4:02  Drone  
  47  4:04  Drone  
  48  4:13  Drone  
  46  4:22  Extractor  
  46  4:23  Extractor  
  41  4:25  Queen  
  41  4:26  Hatchery  
  41  4:27  Roach x2  
  46  4:32  Roach  
  46  4:35  Roach  
  46  4:36  Overlord  
  50  4:44  Zergling x4  
  52  4:51  Overlord x2  
  52  4:53  Overlord  
  52  4:58  Metabolic Boost  
  52  5:00  Overlord  
  52  5:04  Overlord  
  52  5:11  Roach x3  
  52  5:12  Roach  
  52  5:13  Zergling x2  
  61  5:17  Roach  
  63  5:22  Zergling x2  
  63  5:25  Zergling x2  
  63  5:27  Zergling x6  
  68  5:34  Zergling x2  
  69  5:39  Zergling x10  
  74  5:49  Zergling x6  
  77  5:50  Ravager  
  77  5:51  Ravager x3  
  81  5:58  Zergling x2  
  81  5:59  Zergling x2  
  81  6:01  Zergling x2  
  81  6:03  Zergling x6  
  87  6:08  Ravager x2  
  87  6:10  Zergling x8  
  93  6:13  Zergling x2  
  93  6:16  Zergling x2  
  94  6:18  Zergling x2  
  94  6:24  Zergling x2  
  87  6:26  Zergling x4  
  87  6:27  Zergling x2  
  87  6:32  Ravager  

Tags
 
Add a new tag
Caveats
  • Supply blocks, unpowered buildings, or Contaminate may cause inaccurate times.
  • Supply counts are checked every 10 seconds.